[Event "Early-Titled-Tuesday-Blitz-October-03-2023"]
[Site "Chess.com"]
[Date "2023.10.03"]
[Round "11"]
[White "LaPiToB"]
[Black "UK_23"]
[Result "1-0"]
[WhiteElo "2299"]
[BlackElo "2401"]
[TimeControl "180+1"]
[EndTime "10:05:17 PDT"]
[Termination "LaPiToB won by resignation"]

1. d4 d5 2. c4 e6 3. Nc3 Nf6 4. cxd5 exd5 5. Bg5 Be7 6. e3 O-O 7. Bd3 Re8 8. Nge2 c6 9. O-O h6 10. Bh4 Nbd7 11. Qc2 b5 12. a3 a5 13. f3 Bb7 14. e4 dxe4 15. fxe4 Ng4 16. Bf2 b4 17. Na4 c5 18. dxc5 Nde5 19. Bb5 Bc6 20. Rad1 Qc7 21.
Bxc6 Qxc6 22. Nd4 Qg6 23. Qb3 Bg5 24. Nf5 Nxf2 25. Rxf2 Ng4 26. Re2 Rxe4 27. Rxe4 Qxf5 28.
Qf3 Qxf3 29. gxf3 Nf6 30. Rc4 Be3+ 31. Kg2 bxa3 32. bxa3 g5 33. c6 Rc8 34. c7 Nd7 35. Rxd7 1-0

[Event "Early-Titled-Tuesday-Blitz-October-03-2023"]
[Site "Chess.com"]
[Date "2023.10.03"]
[Round "11"]
[White "ChampStan"]
[Black "JiiHart"]
[Result "0-1"]
[WhiteElo "2105"]
[BlackElo "2190"]
[TimeControl "180+1"]
[EndTime "10:05:21 PDT"]
[Termination "JiiHart won by resignation"]

1. e4 e5 2. Nf3 Nf6 3. Nxe5 d6 4. Nf3 Nxe4 5. d4 d5 6. Bd3 Bg4 7. O-O Be7 8. h3 Bh5 9. Re1 Nc6 10. Bxe4 dxe4 11. Rxe4 f5 12. Rf4 O-O 13. d5 Ne5 14. Nbd2 Bg5 15. Ra4 Bxd2 16. Bxd2 Nxf3+ 17. gxf3 Qxd5 18. Rf4 g5 19. Ra4 Bxf3 20. Qc1 Bh1 21. Kf1 Rae8 22. Be3 f4 0-1

[Event "Early-Titled-Tuesday-Blitz-October-03-2023"]
[Site "Chess.com"]
[Date "2023.10.03"]
[Round "11"]
[White "Zhigalko_Sergei"]
[Black "Iball95"]
[Result "1-0"]
[WhiteElo "2929"]
[BlackElo "2773"]
[TimeControl "180+1"]
[EndTime "10:05:22 PDT"]
[Termination "Zhigalko_Sergei won by resignation"]

1. e4 c5 2. Nf3 e6 3. c3 d5 4. e5 Nc6 5. d4 cxd4 6. cxd4 Nge7 7.
Nc3 Nf5 8. a3 Be7 9. Bd3 Nfxd4 10. Nxd4 Nxd4 11. Qg4 Nb3 12. Qa4+ Bd7 13. Qxb3 O-O 14.
O-O f6 15. Bf4 Bc6 16. Rae1 f5 17. Ne2 g5 18. Bd2 Kh8 19. Nd4 Qd7 20. Bb4 f4 21.
Rc1 f3 22. Nxf3 Rxf3 23. gxf3 g4 24. fxg4 Rg8 25. f3 Bg5 26. Bc5 d4 27. Rce1 b6 28.
Bd6 Be3+ 29. Rxe3 dxe3 30. Be2 Bd5 31. Qxe3 Qa4 32. Be7 1-0

[Event "Early-Titled-Tuesday-Blitz-October-03-2023"]
[Site "Chess.com"]
[Date "2023.10.03"]
[Round "11"]
[White "Iskusnyh"]
[Black "inegrepus"]
[Result "1-0"]
[WhiteElo "2595"]
[BlackElo "2180"]
[TimeControl "180+1"]
[EndTime "10:05:22 PDT"]
[Termination "Iskusnyh won by resignation"]

1. d4 Nf6 2. c4 c5 3. d5 b5 4. Qc2 e6 5. e4 exd5 6. cxd5 b4 7. Nf3 d6 8. Bf4 Be7 9. Nbd2 O-O 10. Bd3 Ba6 11. Bxa6 Nxa6 12. O-O Nh5 13. Be3 g6 14. Bh6 Ng7 15. Nc4 Nc7 16. a4 Bf6 17. Rad1 Re8 18.
Bf4 Be7 19. e5 dxe5 20. Nfxe5 Bf6 21. Nc6 Qc8 22. Nd6 Nxd5 23. Rxd5 Qxc6 24. Rxc5 Qb6 25.
a5 Qa6 26. Nxe8 Rxe8 27. Rc6 1-0

[Event "Early-Titled-Tuesday-Blitz-October-03-2023"]
[Site "Chess.com"]
[Date "2023.10.03"]
[Round "11"]
[White "whiteglovethief"]
[Black "Khromkin"]
[Result "0-1"]
[WhiteElo "2509"]
[BlackElo "2461"]
[TimeControl "180+1"]
[EndTime "10:05:31 PDT"]
[Termination "Khromkin won by resignation"]

1. d4 d5 2. c4 dxc4 3. e4 e5 4. Nf3 Bb4+ 5. Nc3 exd4 6. Qxd4 Qxd4 7. Nxd4 Bd7 8. Bxc4 Nc6 9. Nc2 Bxc3+ 10. bxc3 Na5 11. Bd3 Be6 12. Ne3 O-O-O 13. Ke2 Nf6 14. Ba3 Nd7 15. Be7 Rde8 16. Bb4 Nc6 17. f3 Nde5 18.
Bb5 a6 19. Bxc6 Nxc6 20. Kf2 a5 21. Bc5 b6 22. Ba3 Rd8 23. Rhd1 Rxd1 24. Nxd1 Rd8 25.
Ke1 Ne5 26. Nf2 Nd3+ 27. Nxd3 Rxd3 28. Bb2 Bc4 29. Rd1 Rxd1+ 30. Kxd1 Bxa2 31. Kd2 Bc4 32. Ke3 c5 33. Ba3 Kd7 34. f4 Kc6 35. e5 b5 36. Ke4 Bd5+ 37. Ke3 Bxg2 38. f5 Bd5 39. h4 b4 40. cxb4 cxb4 41. Bb2 a4 42. h5 a3 43. Bc1 Kb5 44. Kd4 Ba2 45. h6 gxh6 46. e6 Bxe6 47. f6 Ka4 48. Bxh6 b3 0-1

[Event "Early-Titled-Tuesday-Blitz-October-03-2023"]
[Site "Chess.com"]
[Date "2023.10.03"]
[Round "11"]
[White "Balla_Tamas"]
[Black "NMJeevanK"]
[Result "0-1"]
[WhiteElo "2451"]
[BlackElo "2536"]
[TimeControl "180+1"]
[EndTime "10:05:34 PDT"]
[Termination "NMJeevanK won by resignation"]

1. e4 g6 2. d4 Bg7 3. Nc3 d6 4. f4 a6 5. Nf3 Nd7 6. Bd3 c5 7. Be3 cxd4 8. Bxd4 e5 9. fxe5 dxe5 10. Be3 Ngf6 11.
O-O Ng4 12. Qe2 O-O 13. Nd5 Nxe3 14. Qxe3 Nf6 15. c4 Be6 16. Kh1 Ng4 17. Qe2 Rc8 18.
h3 Nh6 19. Qe3 f6 20. Rac1 Nf7 21. Rfd1 Bh6 22. Qf2 Bxc1 23. Rxc1 Nd6 24. b3 Bxd5 25. exd5 e4 26. Bxe4 Nxe4 27. Qd4 Ng3+ 28. Kh2 Ne2 0-1

[Event "Early-Titled-Tuesday-Blitz-October-03-2023"]
[Site "Chess.com"]
[Date "2023.10.03"]
[Round "11"]
[White "Javylavilla"]
[Black "Likvidator228"]
[Result "1-0"]
[WhiteElo "2409"]
[BlackElo "2566"]
[TimeControl "180+1"]
[EndTime "10:05:37 PDT"]
[Termination "Javylavilla won by resignation"]

1. e4 c5 2. Nf3 g6 3. d4 cxd4 4. Qxd4 Nf6 5. e5 Nc6 6. Qa4 Nd5 7. Qe4 Ndb4 8. Bb5 a6 9. Ba4 b5 10. Bb3 d5 11. exd6 Bf5 12. Qe2 Qxd6 13. O-O Bg7 14.
Rd1 Qc5 15. Be3 Nd4 16. Nxd4 O-O-O 17. Nxf5 Rxd1+ 18. Qxd1 Qxf5 19. Nc3 Rd8 20. Qe2 Bxc3 21. bxc3 Nc6 22. Rd1 e5 23. h3 Kc7 24. Rxd8 Nxd8 25. Qd3 Qxd3 26. cxd3 f5 27. Bg5 Nc6 28. Bd5 Nb8 29. f4 Kd6 30. Bg8 e4 31. dxe4 fxe4 32. Bxh7 Nd7 33. Bxg6 Kd5 34. Kf2 Nc5 35. Ke3 Kc4 36.
Bf6 Nd7 37. Bg7 a5 38. Bxe4 b4 39. Bd3+ Kc5 40. cxb4+ Kxb4 41. h4 Ka3 42. h5 Kxa2 43. h6 1-0

[Event "Early-Titled-Tuesday-Blitz-October-03-2023"]
[Site "Chess.com"]
[Date "2023.10.03"]
[Round "11"]
[White "DefiantChair"]
[Black "BlueWizzard"]
[Result "0-1"]
[WhiteElo "2579"]
[BlackElo "2948"]
[TimeControl "180+1"]
[EndTime "10:05:41 PDT"]
[Termination "BlueWizzard won by resignation"]

1. e4 Nc6 2. Nf3 d6 3. Bb5 g6 4. d4 Bd7 5. c4 Bg7 6. Nc3 e5 7.
d5 Nd4 8. Bxd7+ Qxd7 9. Be3 Nxf3+ 10. Qxf3 f5 11. Qe2 Bh6 12. exf5 gxf5 13. Bxh6 Nxh6 14. f4 O-O-O 15. fxe5 dxe5 16. O-O-O Nf7 17. Rhf1 e4 18. Qf2 Kb8 19. Qxf5 Qxf5 20. Rxf5 Nd6 21. Re5 Nxc4 22. Rxe4 Nd6 23. Re7 Rdf8 24. Rd2 h5 25. Ne4 Nf5 26. Re5 Ne3 27. Re2 Rf1+ 28. Re1 Rxe1+ 0-1

[Event "Early-Titled-Tuesday-Blitz-October-03-2023"]
[Site "Chess.com"]
[Date "2023.10.03"]
[Round "11"]
[White "AjedrezenMadrid"]
[Black "Vesper2018"]
[Result "0-1"]
[WhiteElo "2457"]
[BlackElo "2578"]
[TimeControl "180+1"]
[EndTime "10:05:57 PDT"]
[Termination "Vesper2018 won by resignation"]

1. Nf3 Nf6 2. b3 g6 3. Bb2 Bg7 4. g3 d6 5. d4 O-O 6. Bg2 Nbd7 7. O-O c5 8. c4 a6 9. Nc3 Rb8 10.
a4 cxd4 11. Nxd4 a5 12. Re1 Nc5 13. e4 Ng4 14. h3 Ne5 15. Bf1 Nc6 16. Nd5 Nxd4 17.
Bxd4 Bxd4 18. Qxd4 Nxb3 19. Qc3 Nxa1 20. e5 dxe5 21.
Qxe5 Be6 22. Rxa1 Bxd5 23. cxd5 Qd6 24. Qg5 Rbc8 25. h4 Rc5 26. Bg2 Rfc8 27. Kh2 Rc2 28.
Rf1 Ra2 29. Bh3 Rcc2 30. Kg1 Rxa4 31. h5 Rd4 32. hxg6 hxg6 33. Be6 Kg7 34. Qe3 Rdd2 35.
Rb1 fxe6 36. Rxb7 Rd1+ 37. Kg2 Qxd5+ 0-1

[Event "Early-Titled-Tuesday-Blitz-October-03-2023"]
[Site "Chess.com"]
[Date "2023.10.03"]
[Round "11"]
[White "bylavochka"]
[Black "hypert"]
[Result "0-1"]
[WhiteElo "2344"]
[BlackElo "2498"]
[TimeControl "180+1"]
[EndTime "10:05:58 PDT"]
[Termination "hypert won on time"]

1. e4 e5 2. Nc3 Nc6 3. g3 f5 4. d3 Nf6 5. Bg2 Bb4 6. Ne2 d5 7. exd5 Nxd5 8. O-O Nxc3 9. bxc3 Bd6 10. f4 O-O 11.
fxe5 Nxe5 12. Rb1 Rb8 13. Bf4 c6 14. Nd4 Ng6 15. Nxc6 bxc6 16. Rxb8 Bxb8 17. Bxb8 Qb6+ 18. d4 Qxb8 19. Bxc6 Qc7 20. Bd5+ Kh8 21. c4 Ne7 22.
Qd3 Ba6 23. Be6 Qc6 24. d5 Qc5+ 25. Rf2 Bxc4 26. Qc3 Nxd5 27. Bxf5 Nxc3 0-1

[Event "Early-Titled-Tuesday-Blitz-October-03-2023"]
[Site "Chess.com"]
[Date "2023.10.03"]
[Round "11"]
[White "AlmasRakhmatullaev"]
[Black "wannabe2700"]
[Result "1-0"]
[WhiteElo "2824"]
[BlackElo "2692"]
[TimeControl "180+1"]
[EndTime "10:06:00 PDT"]
[Termination "AlmasRakhmatullaev won by resignation"]

1. e4 d5 2. exd5 Qxd5 3. Nf3 Bg4 4. Be2 Nc6 5. h3 Bh5 6. Nc3 Qd7 7. d3 O-O-O 8. Be3 e5 9. a3 Nf6 10. b4 Bxf3 11. Bxf3 Nd4 12. O-O Qf5 13. Bxd4 exd4 14. Ne4 Kb8 15. Nxf6 Qxf6 16. a4 Bd6 17. a5 h5 18. a6 b6 19. Re1 Qf4 20. g3 Qf5 21. Bg2 h4 22. g4 Qf4 23. Re4 Qf6 24. b5 Rhe8 25. Qe2 Re5 26. Rxe5 Qxe5 27. Qf3 Kc8 28. Kf1 Re8 29. Qa8+ 1-0

[Event "Early-Titled-Tuesday-Blitz-October-03-2023"]
[Site "Chess.com"]
[Date "2023.10.03"]
[Round "11"]
[White "Kotofeyca"]
[Black "Marcin"]
[Result "1-0"]
[WhiteElo "2426"]
[BlackElo "2498"]
[TimeControl "180+1"]
[EndTime "10:06:00 PDT"]
[Termination "Kotofeyca won by resignation"]

1. d4 d5 2. c4 e6 3. cxd5 exd5 4. Nc3 c6 5. Qc2 h6 6. Bf4 Nf6 7. e3 Be7 8. Bd3 O-O 9. Nf3 Nbd7 10. h3 Re8 11.
O-O Nf8 12. Rab1 a5 13. a3 Ne6 14. Be5 Nd7 15. Bh2 Nf6 16. Ne5 Ng5 17. b4 axb4 18. axb4 Ra3 19. b5 c5 20. dxc5 Bxc5 21. h4 Ne6 22.
Rfd1 Qa5 23. Ne2 Nf8 24. Qxc5 1-0

[Event "Early-Titled-Tuesday-Blitz-October-03-2023"]
[Site "Chess.com"]
[Date "2023.10.03"]
[Round "11"]
[White "grandemestregringo"]
[Black "fabianvivasz"]
[Result "1-0"]
[WhiteElo "2536"]
[BlackElo "2449"]
[TimeControl "180+1"]
[EndTime "10:06:07 PDT"]
[Termination "grandemestregringo won on time"]

1. e4 c5 2. Nf3 d6 3. d4 cxd4 4. Nxd4 Nf6 5. Nc3 g6 6. Be3 Bg7 7. f3 O-O 8. Qd2 Nc6 9. O-O-O d5 10. exd5 Nxd5 11. Nxc6 bxc6 12. Bd4 e5 13. Bc5 Re8 14. Ne4 Qc7 15. g4 h6 16. h4 f5 17. gxf5 gxf5 18. Bc4 fxe4 19. fxe4 Be6 20. exd5 cxd5 21. Rhg1 Qxc5 22. Qxh6 Qf8 23. Rdf1 Qe7 24. Rg6 Rf8 25. Rfg1 Rf7 26. Rxe6 Qc5 27. Reg6 1-0

[Event "Early-Titled-Tuesday-Blitz-October-03-2023"]
[Site "Chess.com"]
[Date "2023.10.03"]
[Round "11"]
[White "ContrVersia"]
[Black "djano"]
[Result "1-0"]
[WhiteElo "2882"]
[BlackElo "2677"]
[TimeControl "180+1"]
[EndTime "10:06:13 PDT"]
[Termination "ContrVersia won by resignation"]

1. Nf3 d5 2. c4 e6 3. g3 Nf6 4. b3 Nc6 5. Bg2 Bd6 6. O-O O-O 7. Bb2 Re8 8. d4 Ne4 9. a3 Qf6 10. Qc2 Qg6 11. Nh4 Qh5 12. Bxe4 dxe4 13. Qxe4 e5 14. d5 Bh3 15. dxc6 Bxf1 16. Kxf1 bxc6 17. Nd2 Rab8 18. Bc3 g6 19. Qxc6 f5 20. c5 Bf8 21.
Qd5+ Kh8 22. Bxe5+ Bg7 23. Bxg7+ Kxg7 24. Qd4+ Kg8 25. Ndf3 Rbd8 26. Qf6 Qg4 27. Ne5 Qh3+ 28. Kg1 Rf8 29. Qe6+ Kg7 30. Qe7+ Kg8 31. Nd7 f4 32. Nxf8 Rxf8 33. Rd1 fxg3 34. hxg3 Qg4 35. Rd7 1-0

[Event "Early-Titled-Tuesday-Blitz-October-03-2023"]
[Site "Chess.com"]
[Date "2023.10.03"]
[Round "11"]
[White "grzechu96"]
[Black "remi04"]
[Result "0-1"]
[WhiteElo "2674"]
[BlackElo "2856"]
[TimeControl "180+1"]
[EndTime "10:06:14 PDT"]
[Termination "remi04 won on time"]

1. e4 c5 2. Nf3 a6 3. g3 b5 4. Bg2 Bb7 5. O-O e6 6. d4 cxd4 7. Nxd4 Nf6 8. Nc3 b4 9. Nd5 exd5 10.
exd5 Bc5 11. Re1+ Kf8 12. Nf5 d6 13. c4 Nbd7 14. Bf4 Qb6 15. Qd2 Ng4 16. Re7 Nde5 17. h3 Nxf2 18. Kf1 Bc8 19. Rxe5 dxe5 20. Bxe5 Bxf5 21.
Qg5 Bd3+ 22. Ke1 Bg6 23. Kd2 f6 24. Qf4 Re8 0-1

[Event "Early-Titled-Tuesday-Blitz-October-03-2023"]
[Site "Chess.com"]
[Date "2023.10.03"]
[Round "11"]
[White "szachuspl"]
[Black "LangesNasenhaar"]
[Result "1-0"]
[WhiteElo "2534"]
[BlackElo "2448"]
[TimeControl "180+1"]
[EndTime "10:06:14 PDT"]
[Termination "szachuspl won by resignation"]

1. d4 g6 2. c4 Bg7 3. Nc3 c5 4. d5 Bxc3+ 5. bxc3 f5 6. f3 Nf6 7.
Qc2 d6 8. e4 Qa5 9. Bd2 Nbd7 10.
Bd3 Nb6 11. Ne2 fxe4 12. fxe4 Bd7 13. O-O O-O-O 14. e5 dxe5 15. d6 e4 16. dxe7 Rde8 17. Bxe4 Nxc4 18. Rxf6 Nxd2 19. Qxd2 Rxe7 20. Bf3 Bf5 21.
Ng3 Rd8 22. Qb2 Bd3 23. h3 h5 24. Re6 Red7 25. Rae1 Bc4 26. R6e5 b6 27. Re8 Rxe8 28.
Rxe8+ Kc7 29. Qc1 b5 30. Qf4+ Kb6 31. Rb8+ Ka6 32. Qf6+ 1-0

[Event "Early-Titled-Tuesday-Blitz-October-03-2023"]
[Site "Chess.com"]
[Date "2023.10.03"]
[Round "11"]
[White "Grischuk"]
[Black "vladislavkovalev"]
[Result "1-0"]
[WhiteElo "3009"]
[BlackElo "2875"]
[TimeControl "180+1"]
[EndTime "10:06:18 PDT"]
[Termination "Grischuk won on time"]

1. d4 Nf6 2. c4 e6 3. Bg5 d5 4.
e3 Nbd7 5. Nc3 h6 6. Bf4 Be7 7. Nf3 b6 8. cxd5 Nxd5 9. Nxd5 exd5 10. Rc1 Bb4+ 11. Nd2 c5 12. dxc5 Nxc5 13. a3 Bxd2+ 14. Qxd2 Nb3 15. Bb5+ Bd7 16. Qxd5 Nxc1 17. Bxd7+ Qxd7 18. Qxa8+ Ke7 19. Qe4+ Qe6 20. Qb4+ Ke8 21. Qc3 Nb3 22.
Qxg7 Rf8 23. O-O 1-0

[Event "Early-Titled-Tuesday-Blitz-October-03-2023"]
[Site "Chess.com"]
[Date "2023.10.03"]
[Round "11"]
[White "Casper"]
[Black "ural58"]
[Result "1-0"]
[WhiteElo "2439"]
[BlackElo "2501"]
[TimeControl "180+1"]
[EndTime "10:06:20 PDT"]
[Termination "Casper won by resignation"]

1. e4 d5 2. exd5 Qxd5 3. Nf3 Bg4 4. Be2 Nc6 5. O-O O-O-O 6. Nc3 Qd7 7. b4 e5 8. b5 Bxf3 9. Bxf3 Nd4 10. a4 f5 11. a5 e4 12. Be2 Nf6 13. a6 b6 14. Bc4 Bd6 15. Ne2 Be5 16. Nxd4 Qxd4 17. Be6+ Kb8 18. c3 Qc5 19. Qb3 f4 20. Ba3 Qxa3 21.
Rxa3 Rxd2 22. Qc4 Rd6 23. Bf5 e3 24. Ra2 g6 25. Be4 Re8 26. Bc6 Red8 27. fxe3 fxe3 28. Qe2 Bxc3 29. Qf3 Bd2 30. Ba8 Kc8 31. Rc2 Kd7 32. Rxc7+ 1-0

[Event "Early-Titled-Tuesday-Blitz-October-03-2023"]
[Site "Chess.com"]
[Date "2023.10.03"]
[Round "11"]
[White "C_K_G"]
[Black "ViktoriyaTarasova"]
[Result "0-1"]
[WhiteElo "1915"]
[BlackElo "2372"]
[TimeControl "180+1"]
[EndTime "10:06:20 PDT"]
[Termination "ViktoriyaTarasova won on time"]

1. e4 e5 2. Nf3 Nc6 3. Bc4 Bc5 4. c3 Nf6 5. d4 exd4 6. cxd4 Bb4+ 7. Nc3 Nxe4 8. O-O Bxc3 9. d5 Bf6 10. Re1 Ne7 11. Rxe4 d6 12. Bg5 Bxg5 13. Nxg5 h6 14. Qe2 hxg5 15.
Re1 Be6 16. dxe6 f6 17. Re3 c6 18. Rh3 Rxh3 19. gxh3 g6 20. Qf3 Qa5 21. Rd1 Qe5 22. Rd3 d5 23. Bb3 O-O-O 24. Re3 Qxb2 25. Re2 Qa1+ 26.
Kg2 Nf5 0-1

[Event "Early-Titled-Tuesday-Blitz-October-03-2023"]
[Site "Chess.com"]
[Date "2023.10.03"]
[Round "11"]
[White "KatakuriDono"]
[Black "Fradi82"]
[Result "1-0"]
[WhiteElo "2333"]
[BlackElo "2322"]
[TimeControl "180+1"]
[EndTime "10:06:20 PDT"]
[Termination "KatakuriDono won by checkmate"]

1. d4 d5 2. c4 c6 3. Nc3 e6 4.
cxd5 exd5 5. Nf3 Nf6 6. Bf4 Bd6 7. Bxd6 Qxd6 8. e3 O-O 9. Bd3 Bg4 10. O-O Nbd7 11. h3 Bh5 12. Be2 Rfe8 13. Rc1 Ne4 14.
Nxe4 Rxe4 15. Nd2 Bxe2 16. Qxe2 Ree8 17. Nf3 Re4 18. Nd2 Ree8 19. Nf3 h6 20. Rfd1 Re4 21. Nd2 Re7 22. Nf3 Rae8 23. Qd2 Nf6 24. Ne5 Ne4 25.
Qc2 Nf6 26. a3 Nd7 27. Nd3 Re4 28. b4 R4e7 29. Qb3 Nb6 30. Nb2 Re6 31. a4 Rg6 32. a5 Nd7 33. Nd3 Qf6 34. Nf4 Rg5 35. b5 Rf5 36. bxc6 bxc6 37. Qb7 Re7 38. Rxc6 Qg5 39. Qb4 Kf8 40. Rc8# 1-0

[Event "Early-Titled-Tuesday-Blitz-October-03-2023"]
[Site "Chess.com"]
[Date "2023.10.03"]
[Round "11"]
[White "sergoy"]
[Black "sokidze"]
[Result "0-1"]
[WhiteElo "3005"]
[BlackElo "2825"]
[TimeControl "180+1"]
[EndTime "10:06:23 PDT"]
[Termination "sokidze won by checkmate"]

1. d4 d5 2. c4 e6 3. Nf3 Nf6 4. Nc3 a6 5. cxd5 exd5 6. Bg5 Be6 7. e3 Nbd7 8. Bd3 Bd6 9. Bf4 Bxf4 10. exf4 Bg4 11.
Qe2+ Kf8 12. O-O g6 13. h3 Bxf3 14. Qxf3 c6 15. Rad1 Kg7 16. f5 Qb6 17. b3 Qxd4 18. Ne2 Qh4 19. Bb1 Rae8 20. Ng3 Ne5 21. Qc3 Re7 22.
f4 Ned7 23. fxg6 hxg6 24. f5 g5 25. Rd4 Qh6 26. b4 g4 27. Rxg4+ Kf8 28. Rgf4 Rg8 29. a4 Qg5 30. R1f3 Ne5 31. b5 Nxf3+ 32. Rxf3 axb5 33.
axb5 Nh5 34. f6 Nxf6 35. bxc6 bxc6 36. Qxc6 Re1+ 37. Kh2 Ng4+ 38. hxg4 Qh4# 0-1

[Event "Early-Titled-Tuesday-Blitz-October-03-2023"]
[Site "Chess.com"]
[Date "2023.10.03"]
[Round "11"]
[White "Arystanner"]
[Black "Mops_2004"]
[Result "1-0"]
[WhiteElo "2837"]
[BlackElo "2809"]
[TimeControl "180+1"]
[EndTime "10:06:25 PDT"]
[Termination "Arystanner won on time"]

1. e4 g6 2. d4 Bg7 3. Nc3 d6 4. f4 Nf6 5. a3 Nc6 6. Nf3 Bg4 7. d5 Nb8 8. h3 Bxf3 9. Qxf3 c6 10. dxc6 Nxc6 11. Bd3 Qb6 12. Qf2 Qxf2+ 13. Kxf2 Nd7 14. Nd5 Rc8 15. c3 Na5 16. Be3 e6 17. Nb4 Nc5 18. Bc2 Nc4 19. Bxc5 dxc5 20. Nd3 Ke7 21. Ke2 Nd6 22. Nf2 h5 23. e5 Nf5 24. Bxf5 gxf5 25.
Rad1 Bh6 26. Kf3 h4 27. g4 hxg3 28. Kxg3 Rcd8 29. Kf3 c4 30. a4 f6 31. exf6+ Kxf6 32. Rxd8 Rxd8 33. Rd1 1-0

[Event "Early-Titled-Tuesday-Blitz-October-03-2023"]
[Site "Chess.com"]
[Date "2023.10.03"]
[Round "11"]
[White "Rozhkov_V"]
[Black "MathiasWomacka"]
[Result "1-0"]
[WhiteElo "2445"]
[BlackElo "2532"]
[TimeControl "180+1"]
[EndTime "10:06:27 PDT"]
[Termination "Rozhkov_V won by resignation"]

1. e4 c5 2. Nf3 d6 3. d4 cxd4 4.
Nxd4 Nf6 5. Nc3 a6 6. f4 e5 7. Nf3 Nbd7 8. a4 Be7 9. Bd3 O-O 10. O-O Nc5 11. Qe1 Bg4 12. Kh1 exf4 13. Bxf4 Bh5 14. Nh4 Nfxe4 15. Nf5 d5 16. Nxd5 Bg5 17. Bxe4 Re8 18.
Bxg5 Qxg5 19. Nfe7+ Rxe7 20. Nxe7+ Qxe7 21. Bxh7+ Kf8 22.
Qxe7+ Kxe7 23. b4 Ne6 24. Bd3 f6 25. Rfe1 Bf7 26. Bc4 Rc8 27. Bb3 Rc6 28. Rad1 Kf8 29. Rd7 b5 30. axb5 axb5 31. h3 Rb6 32. Ra7 Nd8 33. Bxf7 Nxf7 34. Ra8+ 1-0

[Event "Early-Titled-Tuesday-Blitz-October-03-2023"]
[Site "Chess.com"]
[Date "2023.10.03"]
[Round "11"]
[White "Krakozia"]
[Black "ValentunHulka"]
[Result "1-0"]
[WhiteElo "3006"]
[BlackElo "2799"]
[TimeControl "180+1"]
[EndTime "10:06:30 PDT"]
[Termination "Krakozia won by checkmate"]

1. e4 c5 2. Nf3 Nf6 3. Nc3 d5 4. exd5 Nxd5 5. Ne5 Nxc3 6. bxc3 Nd7 7. Bb5 Qc7 8. f4 a6 9. Bxd7+ Bxd7 10. Qf3 g6 11.
Rb1 Rb8 12. O-O Bg7 13. d3 O-O 14. Bd2 Be6 15. a4 Rfd8 16. Rbe1 Bd5 17. Qg3 b5 18. axb5 axb5 19. f5 Bxe5 20. Rxe5 Rb7 21. Bf4 Qc6 22. Rfe1 Rdd7 23. h4 c4 24. h5 cxd3 25. hxg6 hxg6 26.
fxg6 fxg6 27. Re6 Qc5+ 28. Be3 Qxc3 29. Rxg6+ Kf8 30. Rf1+ Ke8 31. Rg8+ Bxg8 32. Qxg8# 1-0

[Event "Early-Titled-Tuesday-Blitz-October-03-2023"]
[Site "Chess.com"]
[Date "2023.10.03"]
[Round "11"]
[White "kidagent"]
[Black "AEMEffi"]
[Result "0-1"]
[WhiteElo "2272"]
[BlackElo "2392"]
[TimeControl "180+1"]
[EndTime "10:06:32 PDT"]
[Termination "AEMEffi won by resignation"]

1. c4 e5 2. g3 Nf6 3. Bg2 Nc6 4. Nc3 Bc5 5. Nf3 d6 6. e3 O-O 7. O-O Bg4 8. h3 Bxf3 9. Bxf3 Re8 10. d3 Qc8 11.
Bg2 a6 12. a3 Ba7 13. b4 Ne7 14. Nd5 Nexd5 15. cxd5 c6 16. dxc6 bxc6 17. Bb2 d5 18.
Rc1 Qd7 19. Kh2 Rec8 20. Qe2 Bb8 21. f4 Qe7 22. f5 a5 23. b5 c5 24. d4 exd4 25. Bxd4 Bxg3+ 26. Kxg3 cxd4 27. Qd3 Rxc1 28. Rxc1 dxe3 29. Kf3 Re8 30. Ke2 Qe5 31. b6 Qg3 32.
b7 Qf2+ 0-1

[Event "Early-Titled-Tuesday-Blitz-October-03-2023"]
[Site "Chess.com"]
[Date "2023.10.03"]
[Round "11"]
[White "MAGMAchess02"]
[Black "a-z30"]
[Result "0-1"]
[WhiteElo "2368"]
[BlackElo "2505"]
[TimeControl "180+1"]
[EndTime "10:06:34 PDT"]
[Termination "a-z30 won on time"]

1. e4 Nf6 2. e5 Nd5 3. d4 d6 4.
c4 Nb6 5. exd6 exd6 6. Nf3 Nc6 7.
Nc3 Be7 8. Be3 O-O 9. h3 Bf5 10. Be2 d5 11. c5 Nc4 12. O-O Nxe3 13. fxe3 Bf6 14. Bd3 Bxd3 15. Qxd3 Re8 16. Nh2 g6 17. Rf3 Bg7 18. Raf1 Re7 19. a3 Qd7 20. b4 Rae8 21.
Nd1 a6 22. g4 Bh6 23. Kg2 Re4 24. Rg3 Qe7 25. Rgf3 Bxe3 26. Rxf7 Qxf7 27. Rxf7 Kxf7 28. Nf3 Bf4 29. Nf2 Re3 0-1

[Event "Early-Titled-Tuesday-Blitz-October-03-2023"]
[Site "Chess.com"]
[Date "2023.10.03"]
[Round "11"]
[White "pasteta13"]
[Black "mortngabriel"]
[Result "1-0"]
[WhiteElo "2449"]
[BlackElo "2548"]
[TimeControl "180+1"]
[EndTime "10:06:34 PDT"]
[Termination "pasteta13 won on time"]

1. e4 c5 2. Ne2 Nc6 3. g3 g6 4.
Bg2 Bg7 5. c3 d6 6. d4 cxd4 7.
cxd4 Nf6 8. Nbc3 O-O 9. h3 Rb8 10. Be3 Nd7 11. Rc1 a6 12. Qd2 b5 13. Nxb5 axb5 14. Rxc6 Bb7 15. Rc2 Nb6 16. b3 f5 17.
d5 fxe4 18. Nf4 Rxf4 19. gxf4 Nxd5 20. Bxe4 Nxe3 21. Qxe3 d5 22. Bd3 d4 23. Qe6+ Kh8 24.
O-O Bc8 25. Qf7 Bxh3 26. Re1 Bf6 27. f3 Qd6 28. Rh2 Qd7 29. f5 1-0

[Event "Early-Titled-Tuesday-Blitz-October-03-2023"]
[Site "Chess.com"]
[Date "2023.10.03"]
[Round "11"]
[White "pankajfm"]
[Black "MajorCoast"]
[Result "1-0"]
[WhiteElo "2122"]
[BlackElo "2245"]
[TimeControl "180+1"]
[EndTime "10:06:36 PDT"]
[Termination "pankajfm won by checkmate"]

1. e4 c5 2. Nc3 e6 3. g3 d5 4.
Bg2 Nf6 5. exd5 exd5 6. Qe2+ Be6 7. d3 Nc6 8. Bg5 Nd4 9. Qd1 Bg4 10. Bxf6 Qxf6 11.
Qxg4 Nxc2+ 12. Kd2 Qxf2+ 13. Qe2+ Qxe2+ 14. Ngxe2 Nxa1 15. Nxd5 O-O-O 16. Rxa1 g6 17. Nf6 Bg7 18. Rf1 c4 19. d4 Rd6 20. Ne4 Rb6 21. Kc3 f5 22. Nd2 Re8 23. Nf4 Re3+ 24. Kc2 Bxd4 25. Nxc4 g5 26. Nxe3 Rxb2+ 27. Kc1 gxf4 28. Nxf5 Rxg2 29. Nxd4 fxg3 30. hxg3 Rxg3 31. Rh1 Rd3 32. Nc2 Kc7 33. Rxh7+ Kb6 34.
Rh6+ Kc7 35. Rh7+ Kb6 36. Kb2 Rg3 37. a3 a6 38. Nb4 Rg2+ 39. Kb3 Rg3+ 40. Ka4 Kc5 41.
Rxb7 Rg6 42. Rc7+ Kb6 43. Nd5# 1-0

[Event "Early-Titled-Tuesday-Blitz-October-03-2023"]
[Site "Chess.com"]
[Date "2023.10.03"]
[Round "11"]
[White "Better_Chess_Faster"]
[Black "GMJustin"]
[Result "1-0"]
[WhiteElo "2073"]
[BlackElo "2197"]
[TimeControl "180+1"]
[EndTime "10:06:44 PDT"]
[Termination "Better_Chess_Faster won on time"]

1. e4 c5 2. Nf3 Nc6 3. d4 cxd4 4. Nxd4 Nf6 5. Nc3 d6 6. Bg5 e6 7. Qd2 a6 8. O-O-O Be7 9. f4 Bd7 10. e5 dxe5 11. Nxc6 Bxc6 12. Qxd8+ Rxd8 13. Rxd8+ Bxd8 14. fxe5 Ng4 15. Bf4 Bc7 16. Be2 Bxe5 17. Bd2 Nxh2 18. Re1 Bg3 19. Rd1 h5 20. Be3 Bc7 21. b4 Ng4 22. Bc5 Bxg2 23. b5 axb5 24. Nxb5 Bf4+ 25. Kb1 f6 26. Nd6+ Bxd6 27. Rxd6 Kf7 28. Rd7+ Kg6 29. Bd3+ f5 30. Re7 Be4 31. Rxe6+ Kf7 32. Bc4 1-0